 Dungeon Crawl Stone Soup version 0.30.0-16-gbe6223bb7e (webtiles) character file.

Game seed: 8746505883570509640

35680 Cheops the Bludgeoner (level 11, -4/112 HPs)
             Began as a Minotaur Fighter on May 21, 2023.
             Was a High Priest of Okawaru.
             Slain by a death yak (7 damage)
             ... on level 4 of the Lair of Beasts.
             The game lasted 00:39:39 (16769 turns).

Cheops the Bludgeoner (Minotaur Fighter)           Turns: 16769, Time: 00:39:39

Health: -4/112     AC: 18    Str: 24    XL:     11   Next: 48%
Magic:  25/25      EV: 10    Int:  8    God:    Okawaru [*****.]
Gold:   1011       SH:  0    Dex: 11    Spells: 10/10 levels left

rFire   . . .        a - +6 flail (spect)
rCold   x . .        (shield unavailable)
rNeg    . . .        M - +3 ring mail "Vyfenoc" {Rampage Fly rC- Int+3}
rPois   +            v - +2 hat
rElec   .            s - +1 cloak
rCorr   .            q - +1 pair of gloves
SInv    .            (no boots)
Will    +....        c - amulet "Doihech" {rPois Regen+ MP+9}
Stlth   +            (ring unavailable)
HPRegen 1.18/turn    m - ring of willpower
MPRegen 0.19/turn

%: rampage
@: flying
A: horns 2, missing a hand, inability to train dodging, inexperienced 2,
retaliatory headbutt
a: Renounce Religion, Heroism, Finesse, Duel


You were on level 4 of the Lair of Beasts.
You worshipped Okawaru.
Okawaru was extremely pleased with you.
You visited 3 branches of the dungeon, and saw 19 of its levels.
You also visited: Sewer.

You collected 1031 gold pieces.
You spent 20 gold pieces at shops.

Inventory:

Hand Weapons
 a - a +6 spectral flail (weapon)
 b - the +8 mace of Blood {freeze, rPois MP+9 Dex-4}
   (You found it on level 7 of the Dungeon)

   Dex:       It affects your dexterity (-4).
   rPois:     It protects you from poison.
   MP:        It affects your magic capacity (+9).
 z - a +3 flail
 H - a +2 flail of freezing
 I - a +0 war axe of electrocution
 S - a +0 heavy morningstar
 Y - a +0 heavy morningstar
Missiles
 i - 4 throwing nets (quivered)
Armour
 h - a +0 plate armour
 q - a +1 pair of gloves (worn)
 s - a +1 cloak (worn)
 v - a +2 hat (worn)
 F - a +1 leather armour of willpower
 M - the +3 ring mail "Vyfenoc" (worn) {Rampage Fly rC- Int+3}
   (You took it off a goblin on level 4 of the Dungeon)

   Int:       It affects your intelligence (+3).
   rC:        It makes you vulnerable to cold.
   Fly:       It grants you flight.
   Rampage:   It bestows one free step when moving towards enemies.
 Q - a +0 scale mail
Jewellery
 c - the amulet "Doihech" (around neck) {rPois Regen+ MP+9}
   (You found it on level 1 of the Lair of Beasts)

   [amulet of regeneration]

   rPois:     It protects you from poison.
   MP:        It affects your magic capacity (+9).
   Regen:     It increases your rate of health regeneration.
 m - a ring of willpower (right hand)
 p - an amulet of guardian spirit
 T - a ring of magical power
 W - a ring of ice
Wands
 r - a wand of acid (6)
 y - a wand of polymorph (9)
 D - a wand of roots (17)
 G - a wand of mindburst (35)
 L - a wand of digging (7)
 V - a wand of flame (21)
Scrolls
 e - 4 scrolls of teleportation
 f - 2 scrolls of enchant armour
 j - 2 scrolls of torment
 l - 3 scrolls of vulnerability
 n - 2 scrolls of immolation
 t - 2 scrolls of poison
 C - 3 scrolls of magic mapping
 P - 5 scrolls of fear
 R - a scroll of fog
 U - 3 scrolls of amnesia
 X - 2 scrolls of summoning
Potions
 d - 9 potions of might
 g - 4 potions of flight {unknown}
 k - 2 potions of berserk rage
 o - 6 potions of haste {unknown}
 u - a potion of ambrosia
 w - 4 potions of brilliance {unknown}
 x - a potion of resistance
 A - 4 potions of attraction {unknown}
 B - 6 potions of heal wounds {unknown}
 E - 3 potions of magic
 J - 3 potions of invisibility
 K - 5 potions of mutation {unknown}
 N - 4 potions of curing
 O - 2 potions of cancellation
 Z - 2 potions of degeneration {unknown}


   Skills:
 - Level 15.3 Fighting
 * Level 15.7 Maces & Flails
 - Level 14.5 Armour
 - Level 9.0 Invocations


You had 10 spell levels left.
You didn't know any spells.
Your spell library contained the following spells:

 Spells                   Type           Power      Damage    Failure   Level
 Apportation              Tloc           0%         N/A       52%         1
 Necrotise                Necr           0%         1d4       52%         1
 Slow                     Hex            0%         N/A       52%         1
 Ensorcelled Hibernation  Hex/Ice        0%         N/A       65%         2
 Confusing Touch          Hex            0%         N/A       87%         3
 Dazzling Flash           Conj/Hex       0%         N/A       87%         3
 Frozen Ramparts          Ice            0%         1d1       87%         3
 Gell's Gravitas          Tloc           0%         N/A       87%         3
 Ozocubu's Armour         Ice            0%         N/A       87%         3
 Portal Projectile        Hex/Tloc       0%         N/A       87%         3
 Spider Form              Tmut/Pois      0%         N/A       87%         3
 Stone Arrow              Conj/Erth      0%         3d7       87%         3
 Teleport Other           Tloc           0%         N/A       87%         3
 Vampiric Draining        Necr           0%         2d6       87%         3
 Volatile Blastmotes      Fire/Tloc      0%         2d10      87%         3
 Anguish                  Hex/Necr       0%         N/A       99%         4
 Ice Form                 Ice/Tmut       0%         N/A       99%         4
 Iskenderun's Mystic Bla  Conj/Tloc      0%         2d3       99%         4
 Leda's Liquefaction      Hex/Erth       0%         N/A       99%         4
 Passage of Golubria      Tloc           0%         N/A       99%         4
 Agony                    Necr           0%         N/A       100%        5
 Silence                  Hex/Air        0%         N/A       100%        5
 Dispersal                Tloc           0%         N/A       100%        6
 Starburst                Conj/Fire      0%         6d3       100%        6
 Ozocubu's Refrigeration  Ice            0%         4d7       100%        7
 Lehudib's Crystal Spear  Conj/Erth      0%         10d2      100%        8
 Summon Small Mammal      Summ           Unusable   N/A       N/A         1
 Call Canine Familiar     Summ           Unusable   N/A       N/A         3
 Animate Armour           Summ/Erth      Unusable   N/A       N/A         4
 Summon Ice Beast         Ice/Summ       Unusable   N/A       N/A         4

Dungeon Overview and Level Annotations

Branches:
Dungeon (13/15)            Temple (1/1) D:6            Lair (5/5) D:9
 Shoals (0/4) Lair:2        Snake (0/4) Lair:3        Slime (0/5) Lair:4
    Orc (0/2) D:11          Sewer (visited)
 Vaults: D:13-14

Altars:
Ashenzari
Cheibriados
Dithmenos
Elyvilon
Fedhas
Gozag
Hepliaklqana
Kikubaaqudgha
Makhleb
Nemelex Xobeh
Okawaru
Qazlal
Ru
Sif Muna
Trog
Uskayaw
Vehumet
Wu Jian
Xom
Yredelemnul
Zin
The Shining One
Jiyva

Shops:
D:1 ([*[   D:4 =(*   D:6 (   D:9 [   D:11 [

Annotations:
Lair:3 2 transporters, exclusion: ice statue, SleepySteel's ghost, journeyman DECj


Innate Abilities, Weirdness & Mutations

You have a pair of horns on your head.
You are missing a hand.
You cannot train Dodging skill.
You are inexperienced. (-2 XL)
You reflexively headbutt those who attack you in melee.


Message History

The seven-headed hydra barely misses you.
The seven-headed hydra bites you but does no damage.
The seven-headed hydra closely misses you.
The seven-headed hydra bites you but does no damage.
The death yak gores you!!
* * * LOW HITPOINT WARNING * * *
The death yak gores you.
* * * LOW HITPOINT WARNING * * *
You fly upwards.
There is a stone staircase leading down here.
You bludgeon the seven-headed hydra!!
The seven-headed hydra is moderately wounded.
Your +6 spectral flail hits the seven-headed hydra!
You hit the seven-headed hydra.
The seven-headed hydra is heavily wounded.
Your +6 spectral flail hits the seven-headed hydra!
The seven-headed hydra bites you but does no damage.
The seven-headed hydra bites you!
* * * LOW HITPOINT WARNING * * *
The seven-headed hydra barely misses you.
The seven-headed hydra bites you but does no damage.
The seven-headed hydra bites you!
* * * LOW HITPOINT WARNING * * *
The seven-headed hydra bites you but does no damage.
The seven-headed hydra closely misses you.
The death yak barely misses you. x2; You furiously retaliate!
You headbutt the death yak! You hit the seven-headed hydra.
The seven-headed hydra is severely wounded.
Your +6 spectral flail hits the seven-headed hydra.
The seven-headed hydra bites you.
* * * LOW HITPOINT WARNING * * *
The seven-headed hydra bites you!
* * * LOW HITPOINT WARNING * * *
The seven-headed hydra bites you but does no damage. x3
The seven-headed hydra barely misses you.
The seven-headed hydra bites you!
* * * LOW HITPOINT WARNING * * *
The death yak barely misses you. The death yak gores you!
You die...

## .###### .##P#.### ####### ###
## .....##.####.P#P.####.########
#. ≈§≈≈†.............##.........#
#.
≈##≈.....##...#D(............###.
≈#§§§...###....Y@Y......†....##P.
≈≈≈≈§.†..##...##..##..........#..
.††.§...#......#..###....##...##.
..†..#..#......##..##....##..###.
..#.....#......##.###....P#......
......÷†##........#............#.
..##.....#...................##..
..##..†......................##..
..##...##......#..###........##..


You could see 2 death yaks, a seven-headed hydra and a friendly +6 spectral
flail.

Vanquished Creatures
  Fannar (Lair:3)
  A hydra (Lair:4)
  3 two-headed ogres
  A centaur warrior (D:13)
  A boulder beetle (Lair:1)
  2 death yaks (Lair:5)
  A tengu warrior (D:8)
  Urug (D:12)
  5 skeletal warriors
  A harpy (Lair:2)
  An oklob plant (Lair:1)
  A deep elf pyromancer (D:12)
  3 cyclopes
  5 elephants (Lair:4)
  A guardian serpent (Lair:3)
  A black mamba (Lair:1)
  8 cane toads
  A torpor snail (Lair:1)
  2 unseen horrors
  2 gargoyles (D:12)
  3 komodo dragons
  2 rime drakes
  3 trolls
  A meliai (D:12)
  A hornet (D:7)
  3 polar bears
  Prince Ribbit (D:6)
  4 blink frogs (Lair:4)
  3 dream sheep (Lair:1)
  A spriggan (D:10)
  24 yaks
  2 slime creatures (D:12)
  A wraith (D:9)
  3 wyverns
  Grum (D:8)
  5 basilisks
  A steam dragon (D:8)
  4 vampire mosquitoes (D:12)
  10 water moccasins
  2 acid dragons (D:12)
  Duvessa (D:6)
  3 black bears
  6 orc warriors
  A sky beast (D:6)
  An ogre (D:5)
  17 wolves
  4 centaurs
  A phantom (D:7)
  2 kobold brigands
  Blork the orc (D:6)
  3 gnoll sergeants
  A scorpion (D:6)
  8 bullfrogs
  10 wights
  Dowan (D:6)
  9 killer bees
  10 howler monkeys
  2 electric eels (D:9)
  2 lava snakes (D:11)
  A jelly (D:6)
  Crazy Yiuf (D:5)
  6 hounds
  3 orc priests
  A gnoll bouda (D:9)
  3 sleepcaps
  Jessica (D:3)
  3 iguanas
  10 orc wizards
  19 gnolls
  10 adders
  4 white imps
  2 ufetubi
  4 worms
  3 dart slugs (D:2)
  24 orcs
  15 ball pythons
  3 bats (D:1)
  6 endoplasms
  11 giant cockroaches
  4 goblins
  5 hobgoblins
  3 jackals (D:4)
  13 kobolds
  2 quokkas
  5 frilled lizards
  3 rats
  2 butterflies (Lair:1)
367 creatures vanquished.

Vanquished Creatures (others)
  A deep elf pyromancer (D:13)
  A butterfly (D:5)
  3 spectral weapons
5 creatures vanquished.

Grand Total: 372 creatures vanquished

Notes
Turn   | Place    | Note
-------+----------+-------------------------------------------
     0 | D:1      | Cheops the Minotaur Fighter began the quest for the Orb.
     0 | D:1      | Reached XP level 1. HP: 19/19 MP: 0/0
    74 | D:1      | Found Viulorou's Weapon Emporium.
   175 | D:1      | Reached XP level 2. HP: 26/26 MP: 1/1
   232 | D:1      | Found Xevo Urch's Armour Boutique.
   297 | D:1      | Found Nebriuwu's Assorted Antiques.
   310 | D:1      | Found Xaxopnoo's Armour Emporium.
   587 | D:2      | Reached XP level 3. HP: 31/31 MP: 2/2
   709 | D:2      | Reached skill level 5 in Maces & Flails
   878 | D:2      | Reached XP level 4. HP: 39/39 MP: 3/3
   907 | D:2      | Found a faded altar of an unknown god.
  1323 | D:2      | Found a glowing silver altar of Zin.
  2202 | D:3      | Noticed Jessica
  2206 | D:3      | Killed Jessica
  2207 | D:3      | Reached XP level 5. HP: 40/45 MP: 4/4
  2507 | D:4      | Found Xejaohat's Antique Weapon Emporium.
  2610 | D:4      | Found Jum Nom's Jewellery Shop.
  2770 | D:4      | Found Wamiarue's General Store.
  2784 | D:4      | Bought a scroll of identify for 20 gold pieces
  2827 | D:4      | Identified the +3 ring mail "Vyfenoc" {Rampage Fly rC-
                  | Int+3}
  3181 | D:5      | Entered Level 5 of the Dungeon
  3196 | D:5      | Noticed a water moccasin
  3204 | D:5      | Killed a water moccasin
  3205 | D:5      | Reached XP level 6. HP: 37/51 MP: 5/5
  3468 | D:5      | Found a white marble altar of Elyvilon.
  3601 | D:5      | Found a glowing drain.
  3616 | Sewer    | Entered a sewer
  3761 | Sewer    | Reached XP level 7. HP: 57/57 MP: 6/6
  4112 | D:5      | Reached skill level 10 in Maces & Flails
  4356 | D:5      | Found a runed translucent door.
  4357 | D:5      | Noticed Crazy Yiuf
  4362 | D:5      | Killed Crazy Yiuf
  4481 | D:6      | Noticed Prince Ribbit
  4484 | D:6      | Reached XP level 8. HP: 64/64 MP: 7/7
  4484 | D:6      | Found a staircase to the Ecumenical Temple.
  4507 | D:6      | Killed Prince Ribbit
  4617 | D:6      | Found Omesodupt's Weapon Shop.
  4617 | D:6      | Noticed Blork the orc
  4619 | D:6      | Killed Blork the orc
  4891 | D:6      | Noticed Duvessa
  4892 | D:6      | Noticed Dowan
  4897 | D:6      | Killed Dowan
  4906 | D:6      | Killed Duvessa
  5054 | D:6      | Reached XP level 9. HP: 56/70 MP: 6/8
  5140 | Temple   | Entered the Ecumenical Temple
  5409 | Temple   | Became a worshipper of Ru the Awakened
  5582 | D:6      | Reached skill level 5 in Armour
  6812 | D:7      | Identified the +8 mace of Blood {freeze, rPois MP+9 Dex-4}
  6906 | D:7      | Gained mutation: You are missing a hand. [Ru sacrifice]
  6906 | D:7      | Reached * piety under Ru
  6906 | D:7      | Reached ** piety under Ru
  6906 | D:7      | Reached *** piety under Ru
  7039 | D:8      | Noticed Grum
  7050 | D:8      | Reached skill level 10 in Armour
  7055 | D:8      | Killed Grum
  7208 | D:8      | Reached XP level 10. HP: 77/77 MP: 9/9
  7324 | D:8      | Identified the +3 leather armour "Ukkeik" {Int+4}
  7560 | D:8      | Noticed a tengu warrior
  7569 | D:8      | Killed a tengu warrior
  7667 | D:8      | Found the +18 Lear's hauberk
  8365 | D:9      | Found a staircase to the Lair.
  8524 | D:9      | Found Myarhub's Antique Armour Shoppe.
  8761 | D:9      | Noticed a two-headed ogre
  8769 | D:9      | Killed a two-headed ogre
  9204 | D:10     | Entered Level 10 of the Dungeon
  9447 | D:10     | Gained mutation: You are somewhat inexperienced. (-1 XL)
                  | [Ru sacrifice]
  9447 | D:10     | Reached XP level 9. HP: 71/71 MP: 8/8
  9447 | D:10     | Reached **** piety under Ru
  9462 | D:10     | Noticed a two-headed ogre
  9467 | D:10     | Killed a two-headed ogre
  9468 | D:10     | Reached skill level 5 in Fighting
  9468 | D:10     | Reached XP level 10. HP: 31/81 MP: 9/9
 10264 | D:11     | Found a staircase to the Orcish Mines.
 10622 | D:11     | Found Koidgh's Armour Boutique.
 10796 | D:12     | Gained mutation: You cannot train Dodging skill. [Ru
                  | sacrifice]
 10796 | D:12     | Reached ***** piety under Ru
 10818 | D:12     | Reached skill level 10 in Fighting
 11198 | D:12     | Noticed a deep elf pyromancer
 11206 | D:12     | Killed a deep elf pyromancer
 11350 | D:12     | Noticed Urug
 11360 | D:12     | Killed Urug
 11668 | D:12     | Noticed a two-headed ogre
 11671 | D:12     | Killed a two-headed ogre
 11672 | D:12     | Reached XP level 11. HP: 90/107 MP: 10/10
 11976 | D:13     | Noticed a centaur warrior
 11981 | D:13     | Killed a centaur warrior
 12029 | D:12     | HP: 3/108 [skeletal warrior/+0 long sword (18)]
 12031 | D:12     | HP: 1/108 [skeletal warrior/+0 long sword (2)]
 12573 | D:13     | Identified the +4 trident of Icledely {drain, rElec Str+3}
 12609 | D:13     | Gained mutation: You are inexperienced. (-2 XL) [Ru
                  | sacrifice]
 12609 | D:13     | Reached XP level 10. HP: 104/104 MP: 9/9
 12609 | D:13     | Reached ****** piety under Ru
 12809 | Temple   | Fell from the grace of Ru
 12809 | Temple   | Became a worshipper of Warmaster Okawaru
 12899 | Lair:1   | Entered Level 1 of the Lair of Beasts
 12902 | Lair:1   | Noticed a boulder beetle
 12913 | Lair:1   | Killed a boulder beetle
 12914 | Lair:1   | Reached skill level 15 in Fighting
 13037 | Lair:1   | Reached * piety under Okawaru
 13074 | Lair:1   | Reached skill level 1 in Invocations
 13340 | Lair:1   | Reached ** piety under Okawaru
 13350 | Lair:1   | Identified the amulet "Doihech" {rPois Regen+ MP+9}
 13725 | Lair:1   | Reached skill level 5 in Invocations
 14501 | Lair:2   | Found a staircase to the Shoals.
 14923 | Lair:3   | Reached XP level 11. HP: 102/112 MP: 15/15
 15028 | Lair:3   | Reached *** piety under Okawaru
 15033 | Lair:3   | Found a transporter.
 15043 | Lair:3   | Noticed SleepySteel's ghost (journeyman DECj)
 15114 | Lair:3   | Found a transporter.
 15120 | Lair:3   | Found a staircase to the Snake Pit.
 15243 | Lair:3   | Noticed Fannar
 15249 | Lair:3   | Killed Fannar
 16022 | Lair:4   | Found a viscous altar of Jiyva.
 16022 | Lair:4   | Found a staircase to the Slime Pits.
 16105 | Lair:4   | Reached **** piety under Okawaru
 16186 | Lair:4   | Reached skill level 15 in Maces & Flails
 16749 | Lair:5   | Entered Level 5 of the Lair of Beasts
 16758 | Lair:5   | Reached ***** piety under Okawaru
 16769 | Lair:4   | HP: 3/112 [seven-headed hydra (10)]
 16769 | Lair:4   | Slain by a death yak

Illustrated notes

Levels and vault maps discovered:
D:1:      mrwooster_arrival_arrow, layout_rooms, serial_shops, shop,
          nicolae_shop_tiny_statue_garden, nicolae_shop_tiny_waterfront, shop
D:2:      layout_basic, basic_altar, ebering_ecumenical_altar_mist,
          minmay_misc_feat_ornament
D:3:      layout_basic, serial_glass, glass_columns_a, glass_columns_b,
          uniq_jessica
D:4:      layout_basic, serial_shops, shop, nicolae_shop_window_shopping,
          nicolae_shop_rolling_square, minivault_24, minmay_misc_feat_alley
D:5:      layout_basic, nicolae_elyvilon_peaceful_grove,
          cheibrodos_sewer_entry_bend, hangedman_decor_lopped,
          uniq_crazy_yiuf_cottage
D:6:      layout_loops_ring, minmay_temple_entry_mini_moons, serial_shops,
          kennysheep_little_box, uniq_blork_the_orc, uniq_prince_ribbit1,
          uniq_duvessa
D:7:      layout_basic, chequers_garden, nrook_uturn
D:8:      layout_basic, serial_co_window_serial, co_window_of_opportunity_a,
          co_window_corner_a, co_window_of_opportunity_a, co_window_paths_a,
          co_window_cross_1, co_window_broadway_c, co_window_broadway_b,
          co_window_unsneaky_path_e, co_window_2corner, glass_columns_b,
          glass_columns_b, glass_columns_a, hellmonk_guarded_unrand_lears,
          uniq_grum
D:9:      layout_basic, erik_lair_island, serial_shops, shop
D:10:     layout_roguey, the_hattery
D:11:     layout_cave_pools, david_orc_3, serial_shops, shop,
          grunt_decor_junction, grunt_decor_resistance
D:12:     layout_irregular_city, eino_jars, uniq_urug
D:13:     layout_long_grid
Temple:   compressed_dpeg_triangle_lava_temple
Lair:1:   layout_layer_cave, beast_lair_carwin_4, lemuel_fruit_fields
Lair:2:   layout_regular_city, nicolae_shoals_entry_roost,
          chequers_serial_rivers_micro_a, minivault_27
Lair:3:   layout_roguey, minmay_snake_entry_spellcaster, nzn_ghost_randoct,
          wad_woods_03, infiniplex_staircase_pool, uniq_fannar
Lair:4:   layout_gridlike, dpeg_slime_entry_enclosed
Lair:5:   minmay_lair_end_enchanted_forest, layout_hall_layers,
          lemuel_fruit_fields, grunt_megastairs_2

Skill      XL: |  1  2  3  4  5  6  7  8  9 10 11 |
---------------+----------------------------------+-----
Maces & Flails | 3 4 5 6 8 9 11 14 15 | 15.7
Armour         | 10 14 | 14.5
Shields        | 0 |  0.0
Fighting       | 5 15 14 | 15.3
Invocations    | 7 9 |  9.0

Action                     |  1- 3 |  4- 6 |  7- 9 | 10-12 || total
---------------------------+-------+-------+-------+-------++-------
  Melee: Flail             |    54 |   163 |   247 |   564 ||  1028
         Headbutt          |     4 |    16 |    54 |   126 ||   200
 Invoke: Sacrifice Experie |       |       |     1 |     1 ||     2
         Sacrifice a Hand  |       |       |     1 |       ||     1
         Heroism           |       |       |       |     1 ||     1
         Sacrifice Nimblen |       |       |       |     1 ||     1
    Use: Scroll            |       |    11 |     4 |    16 ||    31
   Stab: Distracted        |       |       |     3 |    10 ||    13
         Paralysed         |       |       |       |     1 ||     1
 Armour: Scale mail        |    15 |       |       |       ||    15
         Plate armour      |    19 |    91 |    33 |       ||   143
         Ring mail         |       |       |    54 |   289 ||   343
  Dodge: Dodged            |    26 |    43 |    66 |   222 ||   357
  Block: Buckler           |    13 |    36 |    32 |       ||    81
